AoeStats
← thecal

Arena

508899113Analyzed
2v2 RM · 9d ago on Sep 24, 2026· 55m 14s· 4 players
Game mode
Random Map
Map size
Medium (4 player)
Population
200
Speed
Normal
Resources
Standard
Victory
Conquest
Starting age
Dark Age
Ending age
Imperial Age
RankedLock teamsTeams togetherTeam positionsShared explorationLock speedFull tech treeHidden civsTurbo modeCheats
Victory
Defeat
🇩🇪 Saxons · Germany
809
+18
🇮🇹 Danes · Italy
780
+18
🇹🇷 Magyars · Türkiye
847
-18
🇹🇷 Spanish · Türkiye
847
-18
Armes Würstchen
10:04 Feudal Age
11:45 Double-Bit Axe
11:43 Horse Collar
14:30 Castle Age
16:13 Bow Saw
23:01 Wheelbarrow
23:35 Heavy Plow
25:31 Loom
26:02 Hand Cart
25:32 Town Watch
25:59 Gold Mining
26:00 Stone Mining
29:57 Imperial Age
27:46 Town Patrol
28:27 Gold Shaft Mining
28:12 Forging
28:03 Scale Mail Armor
28:36 Squires
28:22 Arson
28:55 Fortified Wall
28:56 Masonry
28:27 Treadmill Crane
29:00 Masonry
29:10 Ballistics
30:00 Iron Casting
31:45 Chain Mail Armor
30:54 Elite Hearth Troop
31:55 Conscription
32:42 Chemistry
32:13 Architecture
31:40 Fletching
33:01 Plate Mail Armor
33:58 Shield Wall
34:02 Clerical Recruitment
35:03 Bodkin Arrow
36:34 Bracer
36:39 Scale Barding Armor
38:57 Hoardings
39:56 Sappers
46:38 Gambesons
46:14 Elite Varangian Guard
46:15 Pikeman
46:15 Man-at-Arms
47:19 Chain Barding Armor
46:59 Padded Archer Armor
50:32 Murder Holes
50:42 Siege Engineers
50:23 Arrowslits
50:29 Guard Tower
50:29 Heated Shot
Peppe_04
9:49 Feudal Age
11:39 Double-Bit Axe
11:36 Horse Collar
19:26 Castle Age
30:02 Imperial Age
28:14 Wheelbarrow
28:44 Heavy Plow
28:56 Bow Saw
30:00 Hand Cart
30:54 Town Watch
30:56 Loom
31:34 Conscription
30:39 Northmen's Fury
30:42 Hamask
33:32 Onager
34:24 Elite Varangian Guard
35:06 Squires
34:29 Pikeman
34:55 Arson
34:56 Gambesons
36:01 Siege Onager
38:15 Halberdier
38:58 Elite Skirmisher
39:46 Thumb Ring
46:17 Fletching
46:28 Padded Archer Armor
46:39 Forging
46:35 Scale Barding Armor
48:14 Ballistics
50:08 Bodkin Arrow
50:29 Leather Archer Armor
50:49 Iron Casting
50:15 Scale Mail Armor
50:36 Chain Barding Armor
thecal
8:39 Loom
11:20 Feudal Age
12:16 Horse Collar
12:23 Double-Bit Axe
18:17 Castle Age
19:17 Bow Saw
19:10 Heavy Plow
21:20 Wheelbarrow
23:58 Scale Barding Armor
26:04 Chain Barding Armor
25:36 Pikeman
28:26 Scale Mail Armor
28:35 Gold Mining
35:19 Imperial Age
34:27 Chain Mail Armor
36:30 Conscription
36:51 Gold Shaft Mining
36:08 Onager
39:07 Cavalier
39:48 Husbandry
özürlü31
8:35 Loom
11:26 Feudal Age
16:17 Castle Age
14:23 Double-Bit Axe
14:33 Stone Mining
15:32 Horse Collar
17:39 Wheelbarrow
18:03 Bow Saw
23:40 Hand Cart
25:58 Heavy Plow
28:39 Stone Shaft Mining
28:04 Gold Mining
30:39 Ballistics
30:39 Husbandry
30:50 Bloodlines
31:50 Fletching
32:01 Padded Archer Armor
32:11 Forging
32:07 Scale Barding Armor
36:00 Imperial Age
33:44 Masonry
33:45 Bodkin Arrow
34:06 Leather Archer Armor
34:58 Iron Casting
33:48 Light Cavalry
35:37 Chain Barding Armor
36:01 Town Watch
37:02 Elite Conquistador
38:04 Conscription
40:05 Blast Furnace
39:06 Bracer
39:36 Ring Archer Armor
39:42 Plate Barding Armor
38:32 Hussar
46:35 Cavalier
48:26 Paladin
51:04 Town Patrol
Connection lost

Rejoining the realm…

Still unreachable

The connection could not be restored.

Session expired

The server has moved on; the page needs a fresh start.